BSA
NEW ORLEANS LOOTERS @ NEVADA NOISE
05/18/2030
 
TOP OF THE 1ST
New Orleans Looters batting - Pitching for Nevada Noise : RHP Daniel Grant
Pitching: RHP Daniel Grant
Batting: LHB Miguel Colón 0-0: Ball
1-0: Ball
2-0: Called Strike
2-1: Swinging Strike
2-2: Ball
3-2: Base on Balls
Batting: RHB Dave O'Loan 0-0: Ball
1-0: Swinging Strike
1-1: Called Strike
1-2: Strikes out swinging
Batting: SHB Arturo Sánchez 0-0: Ball
1-0: Called Strike
1-1: Ball
2-1: Fly out, F8 (Flyball, 8LD)
Batting: LHB Taylor Smith 0-0: Ball
1-0: Foul Ball, location: 2F
1-1: Called Strike
1-2: Foul Ball, location: 2F
1-2: Strikes out swinging
Top of the 1st over - 0 runs, 0 hits, 0 errors, 1 left on base; New Orleans 0 - Nevada 0
BOTTOM OF THE 1ST
Nevada Noise batting - Pitching for New Orleans Looters : LHP Holden Clark
Pitching: LHP Holden Clark
Batting: RHB Jim Tracy 0-0: Foul Ball, location: 2F
0-1: Fly out, F9 (Flyball, 9LS)
Batting: RHB Iván Gonzáles 0-0: Ball
1-0: Called Strike
1-1: Foul Ball, location: 2F
1-2: Ball
2-2: Ball
3-2: Fly out, F4 (Line Drive, 4)
Batting: RHB Fernando Gálvez 0-0: Swinging Strike
0-1: Ball
1-1: Called Strike
1-2: Ball
2-2: Fly out, F4 (Popup, 4M)
Bottom of the 1st over - 0 runs, 0 hits, 0 errors, 0 left on base; New Orleans 0 - Nevada 0
TOP OF THE 2ND
New Orleans Looters batting - Pitching for Nevada Noise : RHP Daniel Grant
Batting: SHB Oliver Deleón 0-0: Called Strike
0-1: Ball
1-1: Ball
2-1: Fly out, F6 (Popup, 6)
Batting: RHB Ramón Hernández 0-0: Called Strike
0-1: Foul Ball, location: 2F
0-2: Strikes out swinging
Batting: RHB Greg Handrahan 0-0: Swinging Strike
0-1: Called Strike
0-2: Ball
1-2: Ball
2-2: Ground out 5-3 (Groundball, 5)
Top of the 2nd over - 0 runs, 0 hits, 0 errors, 0 left on base; New Orleans 0 - Nevada 0
BOTTOM OF THE 2ND
Nevada Noise batting - Pitching for New Orleans Looters : LHP Holden Clark
Batting: RHB José Aguilera 0-0: Called Strike
0-1: Ball
1-1: Swinging Strike
1-2: Ball
2-2: Ball
3-2: Strikes out swinging
Batting: RHB Luis Cruz 0-0: Called Strike
0-1: Ball
1-1: Ball
2-1: Ball
3-1: Base on Balls
Batting: LHB Greg Nelson 0-0: Ball
1-0: Ball
2-0: Swinging Strike
2-1: SINGLE (Line Drive, 9S)
Luis Cruz to second
Runner from 2nd tries for 3rd, SAFE, no throw
Batting: SHB Nate Rhodes 0-0: Ball
1-0: Called Strike
1-1: Ground out 5-3 (Groundball, 5S)
Luis Cruz scores
Greg Nelson to second
Batting: RHB Doug Brown 0-0: Ball
1-0: SINGLE (Flyball, 7LS)
Greg Nelson to third
Batting: RHB Arnold Harmon 0-0: Ball
1-0: Fielders Choice at 2nd, 5-4 (Groundball, 5)
Bottom of the 2nd over - 1 run, 2 hits, 0 errors, 2 left on base; New Orleans 0 - Nevada 1
TOP OF THE 3RD
New Orleans Looters batting - Pitching for Nevada Noise : RHP Daniel Grant
Batting: RHB Dan Banks 0-0: DOUBLE (Line Drive, 89D)
Batting: RHB Run-ming Zhu 0-0: Called Strike
0-1: Ball
1-1: Ball
2-1: Ball
3-1: Base on Balls
Batting: LHB Miguel Colón 0-0: Foul Ball, location: 2F
0-1: Ball
1-1: Ball
2-1: Fly out, F7 (Flyball, 7)
Batting: RHB Dave O'Loan 0-0: Called Strike
0-1: Called Strike
0-2: Ball
1-2: Ball
2-2: Foul Ball, location: 2F
2-2: Ball
3-2: SINGLE (Groundball, 56D)
Dan Banks to third
Run-ming Zhu to second
Dan Banks scores
Run-ming Zhu to third
Batting: SHB Arturo Sánchez 0-0: Ball
1-0: Foul Ball, location: 2F
1-1: Ball
2-1: DOUBLE (Flyball, 89XD)
Run-ming Zhu scores
Dave O'Loan to third
Batting: LHB Taylor Smith 0-0: Called Strike
0-1: Ball
1-1: Ball
2-1: 3-RUN HOME RUN (Flyball, 9D), Distance : 386 ft
Batting: SHB Oliver Deleón 0-0: Foul Ball, location: 2F
0-1: Ground out 6-3 (Groundball, 56D)
Batting: RHB Ramón Hernández 0-0: Ball
1-0: Swinging Strike
1-1: Swinging Strike
1-2: SINGLE (Line Drive, 6MD)
Batting: RHB Greg Handrahan 0-0: Swinging Strike
0-1: Foul Ball, location: 2F
0-2: Fly out, F8 (Flyball, 8RD)
Top of the 3rd over - 5 runs, 5 hits, 0 errors, 1 left on base; New Orleans 5 - Nevada 1
BOTTOM OF THE 3RD
Nevada Noise batting - Pitching for New Orleans Looters : LHP Holden Clark
Batting: RHB Jim Tracy 0-0: Ball
1-0: Called Strike
1-1: Ground out 5-3 (Groundball, 56S)
Batting: RHB Iván Gonzáles 0-0: Ball
1-0: Foul Ball, location: 2F
1-1: Ball
2-1: Foul Ball, location: 2F
2-2: Ball
3-2: Foul Ball, location: 2F
3-2: Ground out 1-3 (Groundball, P)
Batting: RHB Fernando Gálvez 0-0: Ball
1-0: Ground out 5-3 (Groundball, 5S)
Bottom of the 3rd over - 0 runs, 0 hits, 0 errors, 0 left on base; New Orleans 5 - Nevada 1
TOP OF THE 4TH
New Orleans Looters batting - Pitching for Nevada Noise : RHP Daniel Grant
Batting: RHB Dan Banks 0-0: Ball
1-0: Ball
2-0: Ball
3-0: Base on Balls
Batting: RHB Run-ming Zhu 0-0: Foul Ball, location: 2F
0-1: Ball
Wild Pitch!
Dan Banks to second
1-1: Swinging Strike
1-2: Foul Ball, location: 2F
1-2: Ball
Wild Pitch!
Dan Banks to third
2-2: Fly out, F8 (Flyball, 8LS)
Runner from 3rd tags up, SCORES, no throw
Batting: LHB Miguel Colón 0-0: Fly out, F6 (Line Drive, 56D)
Batting: RHB Dave O'Loan 0-0: Ball
1-0: Called Strike
1-1: Ball
2-1: Ground out 6-3 (Groundball, 6)
Top of the 4th over - 1 run, 0 hits, 0 errors, 0 left on base; New Orleans 6 - Nevada 1
BOTTOM OF THE 4TH
Nevada Noise batting - Pitching for New Orleans Looters : LHP Holden Clark
Batting: RHB José Aguilera 0-0: Ball
1-0: Ball
2-0: Called Strike
2-1: Foul Ball, location: 2F
2-2: Ball
3-2: Foul Ball, location: 2F
3-2: Strikes out swinging
Batting: RHB Luis Cruz 0-0: Foul Ball, location: 2F
0-1: Ground out 4-3 (Groundball, 4S)
Batting: LHB Greg Nelson 0-0: Fly out, F7 (Flyball, 7LSF)
Bottom of the 4th over - 0 runs, 0 hits, 0 errors, 0 left on base; New Orleans 6 - Nevada 1
TOP OF THE 5TH
New Orleans Looters batting - Pitching for Nevada Noise : RHP Daniel Grant
Batting: SHB Arturo Sánchez 0-0: Fly out, F5 (Line Drive, 5)
Batting: LHB Taylor Smith 0-0: Ball
1-0: Foul Ball, location: 2F
1-1: Swinging Strike
1-2: Foul Ball, location: 2F
1-2: Foul Ball, location: 2F
1-2: Foul Ball, location: 2F
1-2: Fly out, F8 (Flyball, 8LM)
Batting: SHB Oliver Deleón 0-0: Called Strike
0-1: Swinging Strike
0-2: Ball
1-2: Ground out 4-3 (Groundball, 4MS)
Top of the 5th over - 0 runs, 0 hits, 0 errors, 0 left on base; New Orleans 6 - Nevada 1
BOTTOM OF THE 5TH
Nevada Noise batting - Pitching for New Orleans Looters : LHP Holden Clark
Batting: SHB Nate Rhodes 0-0: Called Strike
0-1: Foul Ball, location: 2F
0-2: Ball
1-2: Foul Ball, location: 2F
1-2: Ball
2-2: SINGLE (Groundball, 34D)
Batting: RHB Doug Brown 0-0: Called Strike
0-1: Ground out U3 (Groundball, 23)
Nate Rhodes to second
Batting: RHB Arnold Harmon 0-0: Ball
1-0: Foul Ball, location: 2F
1-1: Fly out, F8 (Flyball, 8LS)
Batting: RHB Jim Tracy 0-0: Ball
1-0: Fly out, F9 (Flyball, 9)
Bottom of the 5th over - 0 runs, 1 hit, 0 errors, 1 left on base; New Orleans 6 - Nevada 1
TOP OF THE 6TH
New Orleans Looters batting - Pitching for Nevada Noise : RHP Daniel Grant
Pitching: RHP Cliff Long
Batting: RHB Ramón Hernández 0-0: Called Strike
0-1: Foul Ball, location: 2F
0-2: Strikes out looking
Batting: RHB Greg Handrahan 0-0: Called Strike
0-1: Called Strike
0-2: Ball
1-2: Ball
2-2: Strikes out swinging
Batting: RHB Dan Banks 0-0: Swinging Strike
0-1: Ball
1-1: Swinging Strike
1-2: Strikes out swinging
Top of the 6th over - 0 runs, 0 hits, 0 errors, 0 left on base; New Orleans 6 - Nevada 1
BOTTOM OF THE 6TH
Nevada Noise batting - Pitching for New Orleans Looters : LHP Holden Clark
Batting: RHB Iván Gonzáles 0-0: Ball
1-0: DOUBLE (Flyball, 89XD)
Batting: RHB Fernando Gálvez 0-0: Ball
1-0: Called Strike
1-1: Ball
2-1: Ball
3-1: Called Strike
3-2: Foul Ball, location: 2F
3-2: Foul Ball, location: 2F
3-2: DOUBLE (Flyball, 89D)
Iván Gonzáles scores
Batting: RHB José Aguilera 0-0: Ball
1-0: Ground out 5-3 (Groundball, 5)
Pitching: RHP Jason MacKnight
Batting: RHB Luis Cruz 0-0: Ball
1-0: Called Strike
1-1: Called Strike
Fernando Gálvez steals 3rd base
1-2: Ball
2-2: Ball
3-2: Strikes out looking
Batting: LHB Greg Nelson 0-0: Swinging Strike
0-1: Swinging Strike
0-2: Foul Ball, location: 2F
0-2: Ball
1-2: Strikes out swinging
Bottom of the 6th over - 1 run, 2 hits, 0 errors, 1 left on base; New Orleans 6 - Nevada 2
TOP OF THE 7TH
New Orleans Looters batting - Pitching for Nevada Noise : RHP Cliff Long
Batting: RHB Run-ming Zhu 0-0: Ball
1-0: Called Strike
1-1: Ball
2-1: Swinging Strike
2-2: Strikes out swinging
Batting: LHB Miguel Colón 0-0: Called Strike
0-1: Foul Ball, location: 2F
0-2: Ball
1-2: Ball
2-2: Foul Ball, location: 2F
2-2: Fly out, F8 (Flyball, 8RXD)
Batting: RHB Dave O'Loan 0-0: Ball
1-0: Swinging Strike
1-1: Ball
2-1: Ball
3-1: Called Strike
3-2: Foul Ball, location: 2F
3-2: Ground out 5-3 (Groundball, 5)
Top of the 7th over - 0 runs, 0 hits, 0 errors, 0 left on base; New Orleans 6 - Nevada 2
BOTTOM OF THE 7TH
Nevada Noise batting - Pitching for New Orleans Looters : RHP Jason MacKnight
Batting: SHB Nate Rhodes 0-0: Ground out U3 (Groundball, 3L)
Batting: RHB Doug Brown 0-0: Called Strike
0-1: Called Strike
0-2: Ball
1-2: Ball
2-2: Strikes out swinging
Batting: RHB Arnold Harmon 0-0: Ball
1-0: Called Strike
1-1: Foul Ball, location: 2F
1-2: Foul Ball, location: 2F
1-2: Foul Ball, location: 2F
1-2: Strikes out swinging
Bottom of the 7th over - 0 runs, 0 hits, 0 errors, 0 left on base; New Orleans 6 - Nevada 2
TOP OF THE 8TH
New Orleans Looters batting - Pitching for Nevada Noise : RHP Cliff Long
Batting: SHB Arturo Sánchez 0-0: Ball
1-0: Swinging Strike
1-1: Called Strike
1-2: Ball
2-2: Strikes out swinging
Batting: LHB Taylor Smith 0-0: Called Strike
0-1: Foul Ball, location: 2F
0-2: Foul Ball, location: 2F
0-2: Fly out, F9 (Line Drive, 89M)
Batting: SHB Oliver Deleón 0-0: DOUBLE (Line Drive, 7LD)
Batting: RHB Ramón Hernández 0-0: Called Strike
0-1: Called Strike
0-2: Ball
1-2: Fly out, F9 (Flyball, 89D)
Top of the 8th over - 0 runs, 1 hit, 0 errors, 1 left on base; New Orleans 6 - Nevada 2
BOTTOM OF THE 8TH
Nevada Noise batting - Pitching for New Orleans Looters : RHP Jason MacKnight
Batting: RHB Jim Tracy 0-0: Ball
1-0: Foul Ball, location: 2F
1-1: Ball
2-1: Ball
3-1: Base on Balls
Batting: RHB Iván Gonzáles 0-0: Called Strike
0-1: Called Strike
0-2: Ball
1-2: Fly out, F7 (Flyball, 7)
Batting: RHB Fernando Gálvez 0-0: Ball
1-0: Foul Ball, location: 2F
1-1: Grounds into double play, 6-4-3 (Groundball, 6M)
Bottom of the 8th over - 0 runs, 0 hits, 0 errors, 0 left on base; New Orleans 6 - Nevada 2
TOP OF THE 9TH
New Orleans Looters batting - Pitching for Nevada Noise : RHP Cliff Long
Batting: RHB Greg Handrahan 0-0: Called Strike
0-1: Ball
1-1: Ball
2-1: Ground out 6-3 (Groundball, 6)
Batting: RHB Dan Banks 0-0: Foul Ball, location: 2F
0-1: SINGLE (Line Drive, 56D)
Batting: RHB Run-ming Zhu 0-0: Called Strike
0-1: Foul Ball, location: 2F
0-2: Strikes out looking
Batting: LHB Miguel Colón 0-0: Foul Ball, location: 2F
0-1: Swinging Strike
0-2: Foul Ball, location: 2F
0-2: Strikes out swinging
Top of the 9th over - 0 runs, 1 hit, 0 errors, 1 left on base; New Orleans 6 - Nevada 2
BOTTOM OF THE 9TH
Nevada Noise batting - Pitching for New Orleans Looters : RHP Jason MacKnight
Pitching: LHP Juan Méndez
Batting: RHB José Aguilera 0-0: Called Strike
0-1: DOUBLE (Line Drive, 9D)
Batting: RHB Luis Cruz 0-0: Ball
1-0: Ball
2-0: Ball
3-0: Base on Balls
Batting: LHB Greg Nelson 0-0: SINGLE (Line Drive, 3D)
José Aguilera to third
Luis Cruz to second
Batting: SHB Nate Rhodes 0-0: Ball
1-0: Foul Ball, location: 2F
1-1: Ball
2-1: Fly out, F7 (Flyball, 7)
Runner from 3rd tags up, SCORES, no throw
Batting: RHB Doug Brown 0-0: Swinging Strike
0-1: Called Strike
0-2: Strikes out looking
Batting: RHB Arnold Harmon 0-0: Fly out, F9 (Flyball, 9D)
Bottom of the 9th over - 1 run, 2 hits, 0 errors, 2 left on base; New Orleans 6 - Nevada 3
Saturday, April 7th, 2018 - OOTP Baseball 18.8 Build 76